[Event "Team 45 45 League T58"]
[Site "Internet Chess Club"]
[Date "2013.09.22"]
[Round "5"]
[White "sergiosiro"]
[Black "vjbaker"]
[Result "0-1"]
[WhiteElo "1327"]
[BlackElo "1703"]
[Opening "Trompowsky attack (Ruth, Opocenský opening)"]
[ECO "A45"]
[Time "20:00:08"]
[TimeControl "2700+45"]

1. d4 Nf6 2. Bg5 e6 3. e3 b6 4. Bd3 Bb7 5. Nf3 Be7 6. O-O O-O 7. Nbd2 d5 8. Ne5
Nbd7 9. f4 Ne4 10. Bxe7 Qxe7 11. Rf3 f6 12. Ng4 f5 13. Ne5 Nxe5 14. fxe5 c5 15.
c3 Bc6 16. Rh3 Be8 17. Qe2 g5 18. Bxe4 dxe4 19. g4 Bg6 20. Nf1 f4 21. exf4 gxf4
22. Nd2 e3 23. Nf3 Rf7 24. g5 Qc7 25. Rh6 c4 26. Nh4 Rg7 27. Qf3 Rf8 28. Ng2 Qe7
29. h4 Qf7 30. a4 Bd3 31. a5 b5 32. a6 Qf5 33. Re1 Be4 34. Qe2 f3 35. Qxe3 f2+
{White resigns} 0-1

[Event "Team 45 45 League T58"]
[Site "Internet Chess Club"]
[Date "2013.09.21"]
[Round "5"]
[White "DeltaChess"]
[Black "PostMike"]
[Result "1-0"]
[WhiteElo "1339"]
[BlackElo "1395"]
[Opening "Sicilian: closed"]
[ECO "B23"]
[Time "14:30:08"]
[TimeControl "2700+45"]

1. e4 c5 2. Nc3 Nf6 3. g3 e6 4. Bg2 Nc6 5. d3 d5 6. exd5 Nxd5 7. Nxd5 exd5 8.
Qe2+ Be7 9. Nf3 O-O 10. O-O Re8 11. Re1 Bg4 12. h3 Bh5 13. Bd2 f6 14. Qd1 Qd7
15. a3 Bd6 16. c4 d4 17. Qb3 Rab8 18. Rxe8+ Bxe8 19. Re1 Bf7 20. Nh4 Ne7 21. Qc2
b5 22. b3 Be6 23. Kh2 g5 24. Nf3 h5 25. h4 g4 26. Ng1 Bf5 27. Be4 a6 28. Bxf5
Nxf5 29. Kg2 Qb7+ 30. Kf1 Kf7 31. Qc1 Qc7 32. Ne2 Re8 33. Bf4 Bxf4 34. Nxf4
Rxe1+ 35. Qxe1 Ng7 36. Qe4 Qd7 37. Qg6+ {Black resigns} 1-0

[Event "Team 45 45 League T58"]
[Site "Internet Chess Club"]
[Date "2013.09.19"]
[Round "5"]
[White "DrOMM"]
[Black "viktory"]
[Result "1-0"]
[WhiteElo "1351"]
[BlackElo "1456"]
[Opening "Caro-Kann: advance variation"]
[ECO "B12"]
[Time "16:03:51"]
[TimeControl "2700+45"]

1. e4 c6 2. d4 d5 3. e5 Bf5 4. f4 e6 5. Nf3 c5 6. c3 Nc6 7. Bd3 Bxd3 8. Qxd3
Nge7 9. O-O Nf5 10. Be3 Qb6 11. b3 cxd4 12. cxd4 Nb4 13. Qe2 Nxe3 14. Qxe3 Nc2
15. Qc3 Nxa1 16. Qxa1 Rc8 17. Nc3 Be7 18. Rc1 O-O 19. Na4 Qa5 20. Qb1 f6 21. h3
b5 22. Nc5 Rc6 23. b4 Qb6 24. Nd7 Rfc8 25. Nc5 Bxc5 26. bxc5 Qb7 27. Nh2 fxe5
28. fxe5 Rf8 29. Nf3 a5 30. Ng5 Rf5 31. Nxe6 Rxe5 32. Nd8 Qc7 33. Nxc6 Rg5 34.
Ne5 b4 35. Rf1 h6 36. Rf7 Qd8 37. Qf1 a4 38. Rd7 Qf8 39. Qxf8+ Kxf8 40. Rb7 h5
41. Rxb4 a3 42. Rb3 h4 43. Rxa3 Ke7 44. Rf3 Ke6 45. a4 Rh5 46. a5 Rh8 47. a6 g5
48. a7 g4 49. hxg4 h3 50. gxh3 Ra8 51. Ra3 Ke7 52. Kg2 Kd8 53. Kg3 Kc7 54. Kf4
Kb7 55. Kf5 Rf8+ 56. Kg6 Rg8+ 57. Kf7 Ra8 58. g5 Kc7 59. g6 Rf8+ 60. Kxf8 Kb7
61. a8=Q+ Kc7 62. Qc6+ Kd8 63. Ra8# {Black checkmated} 1-0

[Event "Team 45 45 League T58"]
[Site "Internet Chess Club"]
[Date "2013.09.23"]
[Round "5"]
[White "seattleblues"]
[Black "Conjurer"]
[Result "1-0"]
[WhiteElo "1517"]
[BlackElo "1371"]
[Opening "King's Indian: London system"]
[ECO "A48"]
[Time "21:00:13"]
[TimeControl "2700+45"]

1. d4 Nf6 2. Nf3 g6 3. Bf4 Bg7 4. e3 O-O 5. c4 Nc6 6. Nc3 d6 7. h3 Re8 8. Be2 e5
9. dxe5 Nxe5 10. Nxe5 dxe5 11. Qxd8 Rxd8 12. Bxe5 Bf5 13. Bxc7 Rd7 14. Be5 Rad8
15. Bd4 a6 16. O-O Rd6 17. Rac1 Nd7 18. Bxg7 Kxg7 19. Rfd1 Nc5 20. Rxd6 Rxd6 21.
Rd1 Rxd1+ 22. Bxd1 Nd3 23. b3 Nc5 24. Kh2 h5 25. g4 hxg4 26. Bxg4 Bxg4 27. hxg4
g5 28. Kg3 Nd3 29. f4 Kg6 30. f5+ Kh6 31. Kf3 Ne5+ 32. Kg3 f6 33. Ne4 Kg7 34.
Nc5 {Black resigns} 1-0

[Event "Team 45 45 League T58"]
[Site "Internet Chess Club"]
[Date "2013.09.27"]
[Round "5"]
[White "Toalla"]
[Black "medsurg"]
[Result "1-0"]
[WhiteElo "1305"]
[BlackElo "1300"]
[Opening "two knights defense: Steinitz variation"]
[ECO "C59"]
[Time "18:01:27"]
[TimeControl "2700+45"]

1. e4 e5 2. Nf3 Nc6 3. Bc4 Nf6 4. Ng5 d5 5. exd5 Na5 6. Bb5+ c6 7. dxc6 bxc6 8.
Be2 h6 9. Nh3 Bd6 10. O-O Qc7 11. d3 O-O 12. f4 Bxh3 13. gxh3 exf4 14. Bf3 Rae8
15. c4 Nb7 16. Nd2 Nc5 17. Nb3 Nxb3 18. Qxb3 Bc5+ 19. Kh1 Nd7 20. Bd2 Bd4 21.
Rab1 Nc5 22. Qc2 Ne6 23. Rbe1 Ng5 24. Bg2 f3 25. Bxf3 Nxf3 26. Rxf3 Rxe1+ 27.
Bxe1 Re8 28. Bg3 Re1+ 29. Bxe1 Qe5 30. Bc3 Bxc3 31. Qxc3 Qe2 32. Rg3 Qf1+ 33.
Rg1 Qxh3 34. Qxg7# {Black checkmated} 1-0

[Event "Team 45 45 League T58"]
[Site "Internet Chess Club"]
[Date "2013.09.20"]
[Round "5"]
[White "rgadoury"]
[Black "WilmaP"]
[Result "1-0"]
[WhiteElo "1230"]
[BlackElo "1089"]
[Opening "Caro-Kann defense"]
[ECO "B12"]
[Time "15:01:00"]
[TimeControl "2700+45"]

1. e4 c6 2. d4 d5 3. Bd3 e6 4. Nf3 Ne7 5. e5 Nd7 6. O-O f6 7. exf6 Nxf6 8. Ne5
Ng6 9. Nxg6 hxg6 10. Bxg6+ Ke7 11. Bg5 Qd6 12. g3 b6 13. c3 c5 14. Nd2 Kd7 15.
Re1 Kc7 16. Bf4 e5 17. Bxe5 Ng4 18. Bxd6+ Bxd6 19. Nf3 Bd7 20. Qc2 Raf8 21. Qe2
Re8 22. Bxe8 Bxe8 23. h4 Bh5 24. Qd3 c4 25. Qf5 g6 26. Qf7+ Kc6 27. Ne5+ Bxe5
28. dxe5 g5 29. Qe6+ Kc5 30. Qd6+ Kb5 31. Qxd5+ Ka6 32. Qxc4+ Kb7 33. Qd5+ Ka6
34. e6 Rf8 35. Rf1 Nf6 36. Qxg5 Be8 37. Rfe1 Bc6 38. Rad1 Ne4 39. Rxe4 Bxe4 40.
Rd4 Bc6 41. f4 {Black resigns} 1-0

[Event "Team 45 45 League T58"]
[Site "Internet Chess Club"]
[Date "2013.09.22"]
[Round "5"]
[White "wekabird"]
[Black "WzeroMN"]
[Result "0-1"]
[WhiteElo "1150"]
[BlackElo "1118"]
[Opening "English opening"]
[ECO "A22"]
[Time "18:00:40"]
[TimeControl "2700+45"]

1. c4 e5 2. Nc3 Nf6 3. e4 Bc5 4. h3 O-O 5. Nf3 d6 6. g3 Nc6 7. d3 Nd4 8. Nxd4
Bxd4 9. Ne2 Bc5 10. a3 a5 11. Bg5 h6 12. Bd2 c6 13. b4 axb4 14. axb4 Rxa1 15.
Qxa1 Bb6 16. Bg2 Be6 17. O-O Qa8 18. Qb2 Qe8 19. b5 c5 20. Ra1 Qd7 21. Ba5 Bxa5
22. Rxa5 b6 23. Ra6 Qb7 24. Nc3 Ne8 25. Na4 Nc7 26. Rxb6 Qa7 27. Qb3 Ra8 28.
Rxd6 Qxa4 29. Rd8+ Kh7 30. Qc3 Rxd8 31. Qxe5 Qd1+ 32. Kh2 Ne8 33. Qxc5 Rxd3 34.
e5 Qh5 35. Be4+ Bf5 36. Bxd3 Bxd3 37. Qc6 Bf1 38. Qd7 Qf3 39. Qc6 Qxf2+ 40. Kh1
Be2 41. Qg2 Qe1+ 42. Kh2 Bf1 43. Qg1 Qe2+ 44. Kh1 Bxh3 45. Qh2 Qe4+ 46. Kg1 Be6
47. Qg2 Qxg2+ 48. Kxg2 Bxc4 49. Kf3 Bxb5 50. Ke4 Bd7 51. Kd5 f6 52. e6 Ba4 53.
g4 g5 54. e7 Kg7 55. Ke6 h5 56. gxh5 g4 57. h6+ Kxh6 58. Kf7 g3 59. Kf8 g2
{White resigns} 0-1

[Event "Team 45 45 League T58"]
[Site "Internet Chess Club"]
[Date "2013.09.21"]
[Round "5"]
[White "semperfi"]
[Black "Jjohnston92A"]
[Result "1/2-1/2"]
[WhiteElo "1372"]
[BlackElo "1357"]
[Opening "Queen's pawn: stonewall attack"]
[ECO "D00"]
[Time "16:22:18"]
[TimeControl "2700+45"]

1. d4 d5 2. e3 Nf6 3. Bd3 Ne4 4. f4 c5 5. c3 c4 6. Bc2 e6 7. Nf3 b5 8. O-O Nc6
9. Nbd2 Nxd2 10. Bxd2 g6 11. Be1 h5 12. Bh4 Be7 13. Bxe7 Qxe7 14. Ne5 Nxe5 15.
fxe5 Qg5 16. Qf3 O-O 17. Rad1 a5 18. e4 Bb7 19. exd5 Bxd5 20. Be4 Rad8 21. Qe2
a4 22. a3 Kg7 23. Rf3 h4 24. Bxd5 Rxd5 25. Qe3 Qh5 26. Qf4 g5 27. Qf6+ Kh7 28.
Rdf1 Rd7 29. Rh3 Rg8 30. Rf5 Qd1+ 31. Rf1 Qe2 32. Qf2 Qxf2+ 33. Rxf2 Rb8 34. g4
Kg7 35. Rhf3 Rh8 36. h3 {Game drawn by mutual agreement} 1/2-1/2

[Event "Team 45 45 League T58"]
[Site "Internet Chess Club"]
[Date "2013.09.22"]
[Round "5"]
[White "SeniorCitizen"]
[Black "dabodhi"]
[Result "0-1"]
[WhiteElo "1258"]
[BlackElo "1367"]
[Opening "Sicilian: Labourdonnais-Löwenthal variation"]
[ECO "B32"]
[Time "14:00:29"]
[TimeControl "2700+45"]

1. e4 c5 2. Nf3 Nc6 3. d4 cxd4 4. Nxd4 e5 5. Nb3 Nf6 6. Bd3 d5 7. Bg5 d4 8. O-O
Be7 9. Bxf6 Bxf6 10. N1d2 Be6 11. Nc5 Qe7 12. Nxe6 Qxe6 13. Bc4 Qd7 14. Nb3 b6
15. a3 O-O 16. f4 Rac8 17. Bd3 exf4 18. Rxf4 Bg5 19. Rf3 Be3+ 20. Kh1 Ne5 21.
Rh3 Ng4 22. Rxe3 Nf2+ 23. Kg1 Nxd1 24. Rh3 Ne3 25. e5 g6 {White resigns} 0-1

[Event "Team 45 45 League T58"]
[Site "Internet Chess Club"]
[Date "2013.09.20"]
[Round "5"]
[White "Aquaman"]
[Black "stantheman59"]
[Result "0-1"]
[WhiteElo "1365"]
[BlackElo "1211"]
[Opening "Réti: King's Indian attack (Barcza system)"]
[ECO "A07"]
[Time "20:02:09"]
[TimeControl "2700+45"]

1. Nf3 d5 2. g3 c6 3. Bg2 Bg4 4. O-O e6 5. d3 Nf6 6. Nbd2 Be7 7. Re1 O-O 8. c3
Nbd7 9. Qc2 h6 10. e4 Rc8 11. e5 Ne8 12. d4 c5 13. dxc5 Bxc5 14. Qd1 Qb6 15. Rf1
a5 16. Qe1 Qa6 17. Nb3 Ba7 18. Nbd4 Bb8 19. h3 Bxf3 20. Nxf3 Nc5 21. Qd1 Nd3 22.
h4 Nxe5 23. Nxe5 Bxe5 24. Re1 Bd6 25. Bf1 Qc6 26. Be3 e5 27. Rc1 Be7 28. Bg2 e4
29. c4 dxc4 30. Bf1 b5 31. a4 Rd8 32. Qc2 b4 33. Bxc4 Qg6 34. Bf4 Bxh4 35. Rxe4
Bg5 36. Qe2 Nf6 37. Bxg5 Qxg5 38. Re1 Nxe4 39. Qxe4 Rfe8 40. Qxe8+ Rxe8 41.
Rxe8+ Kh7 42. Bxf7 Qc1+ 43. Kg2 Qc6+ 44. Kh2 Qd7 45. Bg8+ Kg6 46. Re6+ Kf5 47.
Re3 Qxa4 48. Be6+ Kf6 49. Bb3 Qa1 50. Re6+ Kf5 51. Re2 Qf1 52. Rc2 Qb5 53. Bc4
Qe8 54. Bd3+ Kf6 55. Rd2 g5 56. Re2 Qh5+ 57. Kg2 g4 58. Re4 Qd5 59. f3 Qxd3 60.
Rf4+ Ke5 61. fxg4 Qd2+ 62. Rf2 Qd5+ 63. Kf1 Qd3+ 64. Kg2 Qe4+ 65. Kf1 Qxg4 66.
Re2+ Kd4 67. Rd2+ Ke3 68. Re2+ Qxe2+ {White resigns} 0-1

[Event "Team 45 45 League T58"]
[Site "Internet Chess Club"]
[Date "2013.09.18"]
[Round "5"]
[White "Tribe97"]
[Black "mindstorm"]
[Result "1-0"]
[WhiteElo "1322"]
[BlackElo "1363"]
[Opening "Sicilian: Labourdonnais-Löwenthal variation"]
[ECO "B32"]
[Time "19:02:48"]
[TimeControl "2700+45"]

1. e4 c5 2. Nf3 Nc6 3. d4 cxd4 4. Nxd4 e5 5. Nxc6 bxc6 6. Nc3 Nf6 7. Bc4 Bb4 8.
Bd2 O-O 9. Qf3 Re8 10. O-O-O a5 11. g4 d5 12. exd5 Bxg4 13. Qg3 Bxd1 14. Rxd1
Kh8 15. Rg1 Rg8 16. dxc6 Bxc3 17. Bxc3 Qe7 18. Bxe5 Rad8 19. c7 Rc8 20. Ba6 Ne4
21. Bxg7+ Rxg7 22. Qxg7# {Black checkmated} 1-0

[Event "Team 45 45 League T58"]
[Site "Internet Chess Club"]
[Date "2013.09.20"]
[Round "5"]
[White "MasterD"]
[Black "kabubi"]
[Result "1-0"]
[WhiteElo "1198"]
[BlackElo "1136"]
[Opening "Bishop's opening: Berlin defense"]
[ECO "C24"]
[Time "17:00:07"]
[TimeControl "2700+45"]

1. e4 e5 2. Bc4 Nf6 3. d3 c6 4. Nc3 d5 5. Bb3 Be7 6. f4 exf4 7. Bxf4 dxe4 8.
dxe4 Qxd1+ 9. Rxd1 Bb4 10. e5 Bxc3+ 11. bxc3 Ne4 12. Rd3 Bf5 13. Re3 g5 14. Bg3
h5 15. h4 Nxg3 16. Rxg3 g4 17. Ne2 c5 18. O-O Be6 19. Nf4 Bxb3 20. cxb3 Nc6 21.
Nd5 Rc8 22. e6 fxe6 23. Nf6+ Kd8 24. Rd3+ Kc7 25. Rd7+ Kb6 26. a4 a5 27. Re1 e5
28. Nd5+ Ka7 29. Ne7 Nxe7 30. Rxe7 c4 31. R1xe5 cxb3 32. Rb5 Rxc3 33. Rexb7+ Ka6
34. R5b6# {Black checkmated} 1-0

[Event "Team 45 45 League T58"]
[Site "Internet Chess Club"]
[Date "2013.09.22"]
[Round "5"]
[White "wildangels"]
[Black "RockingCHESS"]
[Result "1-0"]
[WhiteElo "1087"]
[BlackElo "964"]
[Opening "Four knights: Spanish variation"]
[ECO "C48"]
[Time "10:00:08"]
[TimeControl "2700+45"]

1. e4 e5 2. Nf3 Nc6 3. Bb5 Nf6 4. Nc3 d6 5. Bxc6+ bxc6 6. d3 c5 7. O-O Be7 8.
Nh4 O-O 9. Re1 Bb7 10. Nf5 Rc8 11. Bg5 Re8 12. Re3 c6 13. Rg3 Rc7 14. Bh4 Qd7
15. Bxf6 Bxf6 16. Qg4 g5 17. Nh6+ Kf8 18. Qh5 Re7 19. Nf5 Re6 20. Qxh7 Ke8 21.
Qg8# {Black checkmated} 1-0

[Event "Team 45 45 League T58"]
[Site "Internet Chess Club"]
[Date "2013.09.22"]
[Round "5"]
[White "JDD01"]
[Black "Stiltzkin"]
[Result "0-1"]
[WhiteElo "1731"]
[BlackElo "1688"]
[Opening "Sicilian: Taimanov variation"]
[ECO "B48"]
[Time "13:03:41"]
[TimeControl "2700+45"]

1. e4 c5 2. Nf3 e6 3. d4 cxd4 4. Nxd4 Nc6 5. Nc3 Qc7 6. Be3 Nf6 7. f3 Bb4 8. Qd2
a6 9. a3 Qa5 10. Nxc6 bxc6 11. Bd4 Be7 12. Bd3 O-O 13. O-O e5 14. Be3 d5 15.
exd5 cxd5 16. b4 Qc7 17. Bg5 Bb7 18. Be2 Rfd8 19. Rac1 Rac8 20. Nd1 e4 21. Qe3
d4 22. Qf2 e3 23. Qh4 d3 24. Bxd3 Rxd3 25. cxd3 Qxc1 26. Nxe3 Qxa3 27. Nf5 Qxb4
28. Qg3 Qc5+ 29. Ne3 Nh5 {White resigns} 0-1

[Event "Team 45 45 League T58"]
[Site "Internet Chess Club"]
[Date "2013.09.21"]
[Round "5"]
[White "tryanything"]
[Black "Goodfella"]
[Result "1-0"]
[WhiteElo "1558"]
[BlackElo "1533"]
[Opening "Queen's Indian defense"]
[ECO "A47"]
[Time "05:18:40"]
[TimeControl "2700+45"]

1. d4 Nf6 2. Nf3 b6 3. Bf4 Bb7 4. e3 e6 5. Bd3 d5 6. Nbd2 c5 7. c3 Nc6 8. h3 Be7
9. O-O O-O 10. Re1 cxd4 11. exd4 Rc8 12. Ne5 Nxe5 13. Bxe5 Bd6 14. Nf3 Bxe5 15.
Nxe5 Ne4 16. Re2 f6 17. Nf3 Qd6 18. Nd2 f5 19. Nf3 Rf6 20. Ne5 Bc6 21. Qe1 Rcf8
22. a4 Be8 23. Bb5 Bh5 24. Rc2 Rh6 25. a5 g5 26. f3 Nf6 27. Qg3 g4 28. fxg4 fxg4
29. hxg4 Nxg4 30. Be2 Qe7 31. Bxg4 Qg5 {Black resigns} 1-0

[Event "Team 45 45 League T58"]
[Site "Internet Chess Club"]
[Date "2013.09.22"]
[Round "5"]
[White "Megasus"]
[Black "PostMike"]
[Result "0-1"]
[WhiteElo "1563"]
[BlackElo "1419"]
[Opening "Queen's pawn game, Darooha variation "]
[ECO "D02"]
[Time "07:33:46"]
[TimeControl "2700+45"]

1. Nf3 d5 2. d4 Nf6 3. h3 e6 4. a3 c5 5. e3 Nc6 6. b3 Bd7 7. Bb2 Be7 8. Be2 O-O
9. Nbd2 cxd4 10. exd4 Rc8 11. O-O a6 12. b4 Na7 13. c3 Nb5 14. Rc1 Rc7 15. Ne5
Nd6 16. a4 b5 17. a5 Bc8 18. Nb3 Nc4 19. Ba1 Bd6 20. Nd3 Nd7 21. Nbc5 Nxc5 22.
bxc5 Be7 23. Qc2 Ra7 24. Nb4 Bb7 25. Bxc4 dxc4 26. Qa2 Qc7 27. Bb2 Qf4 28. c6
Ba8 29. Rcd1 Bxb4 30. cxb4 Bxc6 31. Bc1 Qf6 32. Qc2 Rd7 33. Be3 Rfd8 34. Rd2 Qe7
35. Qc3 Be4 36. Rfd1 Qf6 37. f3 Bd3 38. Rxd3 cxd3 39. Rxd3 Qe7 40. Bf4 Qe8 41.
Bc7 Rc8 42. Qc6 Rcxc7 43. Qxa6 Rd5 44. Qb6 Qc6 45. Ra3 g6 46. Qb8+ Rc8 47. Qf4
Qc1+ {White resigns} 0-1

[Event "Team 45 45 League T58"]
[Site "Internet Chess Club"]
[Date "2013.09.19"]
[Round "5"]
[White "sesquipedal"]
[Black "Constrictor"]
[Result "1/2-1/2"]
[WhiteElo "1780"]
[BlackElo "1753"]
[Opening "Blackmar-Diemer gambit"]
[ECO "B02"]
[Time "20:01:28"]
[TimeControl "2700+45"]

1. e4 Nf6 2. Nc3 d5 3. d4 dxe4 4. f3 exf3 5. Nxf3 Bg4 6. Bc4 Bxf3 7. Qxf3 Nc6 8.
Be3 Nxd4 9. Bxd4 Qxd4 10. Bb5+ c6 11. Bxc6+ Nd7 12. Bxb7 Rd8 13. Rd1 Qe5+ 14.
Ne4 e6 15. O-O Bc5+ 16. Kh1 O-O 17. h4 h6 18. Bc6 Nf6 19. Rxd8 Rxd8 20. Nxf6+
Qxf6 21. Qxf6 gxf6 22. Rxf6 Kg7 23. Rf1 Rd2 24. Be4 Be7 {Game drawn by mutual
agreement} 1/2-1/2

[Event "Team 45 45 League T58"]
[Site "Internet Chess Club"]
[Date "2013.09.23"]
[Round "5"]
[White "elessar"]
[Black "losscause"]
[Result "1/2-1/2"]
[WhiteElo "1628"]
[BlackElo "1571"]
[Opening "Caro-Kann: exchange, Rubinstein variation"]
[ECO "B13"]
[Time "18:33:24"]
[TimeControl "2700+45"]

1. e4 c6 2. d4 d5 3. exd5 cxd5 4. Bd3 Nf6 5. c3 Nc6 6. Bf4 e6 7. Nf3 Be7 8. Nbd2
Nd7 9. h4 Bf6 10. Qe2 Qb6 11. Rb1 Qa5 12. a3 Qd8 13. g3 Qe7 14. Ne5 a6 15. Ndf3
h6 16. Qd2 Nb6 17. Kf1 Na5 18. Kg2 Bd7 19. Nxd7 Nxd7 20. Ne5 Rc8 21. Nxd7 Qxd7
22. Rbe1 Nc4 23. Bxc4 dxc4 24. Re2 Qd5+ 25. f3 Kd7 26. Be5 h5 27. Qf4 Rh6 28.
Rhe1 Rf8 29. Bxf6 Rxf6 30. Qe4 Qxe4 {Game drawn by mutual agreement} 1/2-1/2

[Event "Team 45 45 League T58"]
[Site "Internet Chess Club"]
[Date "2013.09.22"]
[Round "5"]
[White "stanbeers"]
[Black "Hal2001"]
[Result "0-1"]
[WhiteElo "1502"]
[BlackElo "1572"]
[Opening "Modern defense"]
[ECO "B34"]
[Time "20:07:22"]
[TimeControl "2700+45"]

1. d4 g6 2. Nf3 Bg7 3. Nc3 c5 4. e4 cxd4 5. Nxd4 Nc6 6. Be3 Qa5 7. Nb3 Bxc3+ 8.
bxc3 Qxc3+ 9. Bd2 Qe5 10. Qf3 Qf6 11. Qe3 e5 12. Bc3 Nge7 13. Bc4 O-O 14. O-O a6
15. Rad1 b5 16. Be2 Qg7 17. Nc5 Rd8 18. a3 d6 19. Nb3 Bb7 20. Na5 Nxa5 21. Bxa5
Rd7 22. Bb4 Nc8 23. Bg4 f5 24. exf5 gxf5 25. Bxf5 Qxg2# {White checkmated} 0-1

[Event "Team 45 45 League T58"]
[Site "Internet Chess Club"]
[Date "2013.09.18"]
[Round "5"]
[White "ricnic"]
[Black "JeffH"]
[Result "0-1"]
[WhiteElo "1506"]
[BlackElo "1502"]
[Opening "Queen's pawn: London system"]
[ECO "A45"]
[Time "21:00:30"]
[TimeControl "2700+45"]

1. d4 Nf6 2. Bf4 g6 3. e3 Bg7 4. c4 d6 5. h3 O-O 6. Nf3 Nbd7 7. Be2 c6 8. O-O
Qb6 9. Qc2 Re8 10. Nc3 e5 11. Bh2 exd4 12. exd4 d5 13. b3 Ne4 14. Rad1 Nxc3 15.
Qxc3 Rxe2 16. Rfe1 Rxe1+ 17. Rxe1 Nf6 18. Qe3 Bd7 19. c5 Qb4 20. Bd6 Ne4 21. Ne5
Be6 22. f3 Nxd6 23. cxd6 Qxd6 24. f4 Bxe5 25. fxe5 Qb4 26. Rf1 b6 27. a3 Qxa3
{White resigns} 0-1

[Event "Team 45 45 League T58"]
[Site "Internet Chess Club"]
[Date "2013.09.22"]
[Round "5"]
[White "rayonline53"]
[Black "MBAStudent"]
[Result "0-1"]
[WhiteElo "1456"]
[BlackElo "1695"]
[Opening "Benkö gambit accepted"]
[ECO "A58"]
[Time "09:01:20"]
[TimeControl "2700+45"]

1. d4 Nf6 2. c4 c5 3. d5 b5 4. cxb5 a6 5. bxa6 d6 6. Nc3 Nxa6 7. g3 g6 8. Bg2
Bg7 9. e4 Nd7 10. Nf3 Nb4 11. O-O Ba6 12. Re1 Nd3 13. Re3 Nxc1 14. Rxc1 Bh6 15.
Re1 Bxc1 16. Qxc1 Qb6 17. e5 O-O-O 18. e6 fxe6 19. Rxe6 Rde8 20. a3 Kd8 21. Qd2
Bc8 22. Re1 Nf6 23. Ng5 Ref8 24. Qe2 Ng8 25. Bh3 Bxh3 26. Nxh3 h6 27. Nf4 Rf6
28. Ne4 Rf5 29. Nxg6 Rh7 30. Nf4 Rhf7 31. Qg4 Rxf4 32. Qxg8+ Rf8 33. Qg7 R4f7
34. Qc3 Rf3 35. Qc2 Qb3 36. Qxb3 Rxb3 37. Re2 Kd7 38. Kg2 Rfb8 39. Kh3 Rxb2 40.
Rxb2 Rxb2 41. Kg4 Ra2 42. h4 Rxa3 43. Kh5 Ra4 44. f3 Rxe4 {White resigns} 0-1

[Event "Team 45 45 League T58"]
[Site "Internet Chess Club"]
[Date "2013.09.22"]
[Round "5"]
[White "John3v16"]
[Black "chrisgianno"]
[Result "0-1"]
[WhiteElo "1660"]
[BlackElo "1788"]
[Opening "Queen's gambit accepted"]
[ECO "D20"]
[Time "08:25:58"]
[TimeControl "2700+45"]

1. d4 d5 2. c4 dxc4 3. e3 c5 4. Bxc4 Nf6 5. Nf3 cxd4 6. exd4 e6 7. O-O Nc6 8.
Re1 Be7 9. Nc3 O-O 10. Bf4 Qb6 11. Nb5 Nd5 12. Bg3 Rd8 13. Qe2 a6 14. Bxd5 axb5
15. Be4 Nxd4 16. Nxd4 Qxd4 17. Be5 Qd2 18. Qh5 g6 19. Qf3 f5 20. Bxb7 Bxb7 21.
Qxb7 Qd7 22. Qf3 Qd3 23. Qc6 Kf7 24. Bc3 Qd5 25. Qb6 Bc5 26. Qc7+ Rd7 27. Qe5
Qxe5 28. Rxe5 Rd5 29. Rae1 Rxa2 30. Rxe6 b4 31. Rf6+ Kg8 32. Re8+ Kg7 33. Ra6+
bxc3 34. Rae6 {White resigns} 0-1

[Event "Team 45 45 League T58"]
[Site "Internet Chess Club"]
[Date "2013.09.21"]
[Round "5"]
[White "oldway"]
[Black "kabindra"]
[Result "1-0"]
[WhiteElo "1582"]
[BlackElo "1749"]
[Opening "Giuoco Piano"]
[ECO "C54"]
[Time "14:00:07"]
[TimeControl "2700+45"]

1. e4 e5 2. Nf3 Nc6 3. Bc4 Bc5 4. c3 Nf6 5. d3 h6 6. O-O d6 7. h3 a6 8. a4 Qe7
9. b4 Ba7 10. Bb2 Bd7 11. Nbd2 O-O 12. Bb3 Nd8 13. d4 exd4 14. cxd4 Nc6 15. Bc3
Nxe4 16. Nxe4 Qxe4 17. Re1 Qf4 18. b5 Nd8 19. bxa6 bxa6 20. Re7 Be6 21. Rxc7
Bxb3 22. Qxb3 Ne6 23. Rc4 d5 24. Rb4 a5 25. Rb5 Nxd4 26. Bxd4 Bxd4 27. Nxd4 Qxd4
28. Rd1 Qc4 29. Rdxd5 Qxb3 30. Rxb3 Rfd8 31. Rbb5 Rxd5 32. Rxd5 Kf8 33. Kf1 Ke7
34. Ke2 Ra6 35. Kd3 Ke6 36. Ke4 f6 37. f4 g6 38. g4 Ke7 39. h4 Re6+ 40. Kd4 Ra6
41. f5 gxf5 42. Rxf5 Kf7 43. g5 h5 44. Rxf6+ Rxf6 45. gxf6 Kxf6 46. Kc5 Kf5 47.
Kb5 Kg4 48. Kxa5 Kxh4 49. Kb6 Kg3 50. a5 h4 51. a6 h3 52. a7 Kf2 53. a8=Q h2 54.
Qh1 {Black resigns} 1-0

[Event "Team 45 45 League T58"]
[Site "Internet Chess Club"]
[Date "2013.09.21"]
[Round "5"]
[White "KidRattler"]
[Black "werty"]
[Result "1/2-1/2"]
[WhiteElo "1498"]
[BlackElo "1573"]
[Opening "French: exchange variation"]
[ECO "C01"]
[Time "14:30:27"]
[TimeControl "2700+45"]

1. e4 e6 2. d4 d5 3. exd5 exd5 4. Nf3 Bd6 5. Bd3 Nf6 6. O-O O-O 7. Nc3 c6 8. Bg5
Bg4 9. h3 Bh5 10. Re1 Nbd7 11. Bf5 Qc7 12. Qd3 Bg6 13. Nh4 Bxf5 14. Nxf5 Rfe8
15. Re3 Rxe3 16. fxe3 Re8 17. g4 Bh2+ 18. Kh1 Ne4 19. Nxe4 Rxe4 20. Qa3 g6 21.
Nh6+ Kg7 22. Rf1 f6 23. Bxf6+ Nxf6 24. Rxf6 Kxf6 25. Qf8+ Ke6 26. Qg8+ Kd7 27.
Qxh7+ Kc8 28. Qxg6 Qg3 {Game drawn by mutual agreement} 1/2-1/2

[Event "Team 45 45 League T58"]
[Site "Internet Chess Club"]
[Date "2013.09.19"]
[Round "5"]
[White "gcl"]
[Black "QuieroAprender"]
[Result "1-0"]
[WhiteElo "1692"]
[BlackElo "1692"]
[Opening "Giuoco Piano"]
[ECO "C54"]
[Time "20:01:12"]
[TimeControl "2700+45"]

1. e4 e5 2. Nf3 Nc6 3. Bc4 Bc5 4. c3 Nf6 5. d4 exd4 6. cxd4 Bb4+ 7. Bd2 Bxd2+ 8.
Nbxd2 O-O 9. d5 Ne7 10. O-O d6 11. Re1 Bg4 12. h3 Bd7 13. Rc1 Ng6 14. Nf1 Nh5
15. Qd2 Re8 16. Rc3 Ne5 17. Rec1 Nf6 18. Nxe5 Nxe4 19. Nxf7 Qf6 20. Qc2 Nxc3 21.
Nxd6 Ne2+ 22. Bxe2 Qxd6 23. Bd3 h6 24. Qxc7 Qxc7 25. Rxc7 Bc8 26. Ne3 Rd8 27.
Nf5 Rd7 28. Ne7+ Kf8 29. Rxc8+ Rxc8 30. Nxc8 Rxd5 31. Be4 Rb5 32. b3 a5 33. Nd6
Re5 34. Bxb7 Re1+ 35. Kh2 Re2 36. Nc4 Rxa2 37. Kg3 a4 38. bxa4 Rxa4 39. Ne3 Ke7
40. Bc8 Ra3 41. Kf4 Ra4+ 42. Ke5 g6 43. Nd5+ Kf7 44. Be6+ Kg7 45. g4 g5 46. f4
Ra3 47. f5 Rxh3 48. f6+ Kf8 49. Nb6 Re3+ 50. Kf5 Rf3+ 51. Kg6 Ke8 52. Kg7 h5 53.
f7+ Ke7 54. Bf5 {Black resigns} 1-0

[Event "Team 45 45 League T58"]
[Site "Internet Chess Club"]
[Date "2013.09.21"]
[Round "5"]
[White "palm47"]
[Black "Whalen"]
[Result "1-0"]
[WhiteElo "1637"]
[BlackElo "1627"]
[Opening "Sicilian: Alapin's variation (2.c3)"]
[ECO "B22"]
[Time "13:01:59"]
[TimeControl "2700+45"]

1. e4 c5 2. c3 Nf6 3. e5 Nd5 4. d4 cxd4 5. Bc4 Nb6 6. Bb3 e6 7. Nf3 Nc6 8. cxd4
Nd5 9. Nc3 Bb4 10. Bd2 Nxc3 11. bxc3 Ba3 12. O-O d6 13. Ba4 dxe5 14. Nxe5 Qc7
15. Bxc6+ bxc6 16. Qa4 Bd6 17. Qxc6+ Qxc6 18. Nxc6 O-O 19. c4 Bd7 20. Ne5 Bxe5
21. dxe5 Rac8 22. Rac1 f6 23. f4 Bc6 24. g4 fxe5 25. fxe5 Rxf1+ 26. Kxf1 Kf7 27.
Ke2 Bg2 28. h4 Ke8 29. c5 Kd7 30. a4 Kc6 31. Kf2 Bd5 32. Rc3 Kb7 33. h5 Ka6 34.
Ke2 Ka5 35. Rc4+ Ka6 36. Rc1 Kb7 37. a5 Kc6 38. g5 Bc4+ 39. Rxc4 Kd5 40. Kd3
Kxe5 41. Be3 Kd5 42. Rd4+ Ke5 43. Rd7 Rb8 44. Bd2 Kf5 45. Rxg7 Rb3+ 46. Ke2 Rh3
47. h6 Ke4 48. c6 Rh2+ 49. Kd1 Kd3 50. Rd7+ Ke4 51. c7 {Black resigns} 1-0